 Dungeon Crawl Stone Soup version 0.19-a0-1686-g35356ef (webtiles) character file.

17791 Amnesiac the Jinx (level 12, -10/92 HPs)
             Began as a Mummy Enchanter on Sept 25, 2016.
             Was an Initiate of Gozag.
             Killed from afar by an orc sorcerer (22 damage)
             ... with a bolt of fire
             ... led by an orc warlord
             ... on level 1 of the Orcish Mines.
             The game lasted 00:32:38 (17141 turns).

Amnesiac the Jinx (Mummy Enchanter)                Turns: 17141, Time: 00:32:39

Health: -10/92     AC: 10    Str: 17    XL:     12   Next: 22%
Magic:  18/21      EV: 20    Int: 18    God:    Gozag
Gold:   2805       SH:  5    Dex: 13    Spells: 6 memorised, 6 levels left

rFire  x . .     SeeInvis .     F - +12 war axe of Hyasch {chop, Str+5}
rCold  + + .     Gourm    .     P - +2 robe {rC+}
rNeg   + + +     Faith    .     I - +0 buckler
rPois  ∞         Spirit   .     q - +2 hat {MR+}
rElec  .         Dismiss  .     y - +0 cloak
rCorr  .         Reflect  .     f - +0 pair of gloves
MR     +++..     Harm     +     s - +0 pair of boots
Stlth  ++........               G - amulet of harm
                                j - +3 ring of evasion
                                i - ring of protection from magic

@: gold aura
A: no food or potions, fire vulnerability, cold resistance 1, negative energy
resistance 3, torment resistance, unbreathing
a: Potion Petition, Call Merchant, Bribe Branch, Renounce Religion


You were on level 1 of the Orcish Mines.
You worshipped Gozag.
Gozag was most pleased with you.
You were not hungry.

You visited 2 branches of the dungeon, and saw 13 of its levels.
You also visited: Ossuary.

You collected 3333 gold pieces.
You spent 493 gold pieces at shops.
You paid 35 gold pieces to Gozag.

Inventory:

Hand Weapons
 e - a +0 dagger of venom
 r - a +0 glaive of flaming
 F - the +12 war axe of Hyasch (weapon) {chop, Str+5}
   (You found it on level 8 of the Dungeon)

   It inflicts extra damage upon your enemies.
   It affects your strength (+5).
Missiles
 k - a throwing net (quivered)
Armour
 f - a +0 pair of gloves (worn)
 q - a +2 hat of magic resistance (worn)
 s - a +0 pair of boots (worn)
 y - a +0 cloak (worn)
 I - a +0 buckler (worn)
 P - a +2 robe of cold resistance (worn)
Jewellery
 i - a ring of protection from magic (left hand)
 j - a +3 ring of evasion (right hand)
 G - an amulet of harm (around neck)
Wands
 b - a wand of digging (6/24)
 m - a wand of acid (8/15)
 u - a wand of teleportation (4/9)
 K - a wand of hasting (5/9)
Scrolls
 a - a scroll of fog
 d - 3 scrolls of amnesia
 g - 7 scrolls of remove curse
 h - 5 scrolls of teleportation
 l - 5 scrolls of enchant weapon
 n - a scroll of enchant armour
 p - 4 scrolls of recharging
 A - a scroll of fear
 E - a scroll of blinking
 N - a scroll of vulnerability
 O - a scroll of acquirement
Books
 c - a book of Maledictions

   Spells                             Type                      Level
   a - Corona                         Hexes                        1
   b - Ensorcelled Hibernation        Hexes/Ice                    2
   c - Confuse                        Hexes                        3
   d - Tukima's Dance                 Hexes                        3
   e - Dazzling Spray                 Conjuration/Hexes            3
 w - a book of Party Tricks

   Spells                             Type                      Level
   a - Summon Butterflies             Summoning                    1
   b - Apportation                    Translocation                1
   c - Tukima's Dance                 Hexes                        3
   d - Alistair's Intoxication        Transmutation/Poison         5
   e - Invisibility                   Hexes                        6
 D - a book of Conjurations

   Spells                             Type                      Level
   a - Magic Dart                     Conjuration                  1
   b - Searing Ray                    Conjuration                  2
   c - Dazzling Spray                 Conjuration/Hexes            3
   d - Fulminant Prism                Conjuration/Hexes            4
   e - Iskenderun's Mystic Blast      Conjuration                  4
   f - Iskenderun's Battlesphere      Conjuration/Charms           5
 L - a book of Annihilations

   Spells                             Type                      Level
   a - Poison Arrow                   Conjuration/Poison           6
   b - Chain Lightning                Conjuration/Air              8
   c - Lehudib's Crystal Spear        Conjuration/Earth            8
   d - Glaciate                       Conjuration/Ice              9
   e - Fire Storm                     Conjuration/Fire             9


   Skills:
 - Level 8.0 Fighting
 - Level 1.0 Short Blades
 + Level 8.9 Dodging
 - Level 2.4 Stealth
 - Level 4.8 Shields
 - Level 6.0 Spellcasting
 - Level 12.0 Hexes


You had 6 spell levels left.
You knew the following spells:

 Your Spells              Type           Power        Failure   Level  Hunger
a - Apportation           Tloc           #.........   12%         1    N/A
b - Summon Butterflies    Summ           #.......     12%         1    N/A
c - Invisibility          Hex            #####...     14%         6    N/A
d - Dazzling Spray        Conj/Hex       ####..       2%          3    N/A
e - Confuse               Hex            #####...     1%          3    N/A
w - Tukima's Dance        Hex            #####...     1%          3    N/A

Dungeon Overview and Level Annotations

Branches:
Dungeon (12/15)            Temple (0/1) D:4            Lair (0/6) D:11
    Orc (1/2) D:12

Altars:
Ashenzari
Cheibriados
Elyvilon
Gozag
Kikubaaqudgha
Makhleb
Okawaru
Uskayaw
Xom

Shops:
D:4 *   D:5 (?%![   D:9 *   D:12 =


Innate Abilities, Weirdness & Mutations

You do not eat or drink.
Your flesh is vulnerable to fire.
You are immune to poison.
Your flesh is cold resistant. (rC+)
You are immune to negative energy. (rN+++)
You are immune to unholy pain and torment.
You can survive without breathing.


Message History

The bolt of fire misses you.
The orc warrior hits you with a scimitar!!
* * * LOW HITPOINT WARNING * * *
You closely miss the orc sorcerer.
The orc sorcerer is almost dead.
You slash the orc warrior!
You kill the orc warrior!
You hit the orc warrior. The orc closely misses you.
The orc warlord is distracted by the nearby gold.
The orc sorcerer closely misses you. The orc warrior misses you.
The orc closely misses you.
You closely miss the orc sorcerer.
The orc sorcerer is almost dead.
The orc warlord shouts!
You slash the orc warrior!
You kill the orc warrior!
The orc sorcerer points at you and mumbles some strange words.
The bolt of fire hits you! The fire burns you terribly!
You die...
Your body crumbles into a pile of gold.

.......#........#.#. .......
........#..........##....#.#
.#......)...........#......###
..#...).........$............##
.#...())[.......................
......)<>...(...#.......>........
.....#))[........oo...#..........
.....##....(...$o$ooo.>..o.......
................@#.o§..o.......##
................###..oo........$#
...........##...##...............
...........###.##.#..............
........#.###.##.................
.........###.....................
........## ##...^.........)$.....
........#####....#...#..........#
...#.....#.#.....................


You could see an orc warlord, an orc knight, an orc sorcerer, an orc warrior and
2 orcs.

Vanquished Creatures
  An orc warlord (D:12)
  Fannar (D:10)
  Josephine (D:12)
  Erica (D:11)
  An orc high priest (D:12)
  2 unseen horrors (D:11)
  Pikel (D:6)
  3 ugly things
  The ghost of st0uf the Skirmisher, a novice DsGl of Qazlal (D:4)
  2 gargoyles (D:11)
  4 trolls
  A two-headed ogre (D:12)
  Grinder (D:6)
  2 hippogriffs
  6 yaks (D:10)
  4 wraiths (D:12)
  A shadow (D:12)
  A hungry ghost (D:9)
  A steam dragon (D:11)
  6 vampire mosquitoes
  A mottled dragon (D:12)
  2 wargs (Orc:1)
  Edmund (D:6)
  A water moccasin (D:11)
  A slave (D:6)
  2 ice beasts (D:9)
  A phantom (D:7)
  A sky beast (D:12)
  9 orc warriors
  8 ogres
  An eye of draining (D:8)
  A necrophage (D:11)
  7 centaurs
  A big kobold (D:12)
  Blork the orc (D:4)
  4 bullfrogs
  3 water moccasin zombies (Ossuary)
  4 scorpions
  4 electric eels
  12 wights
  A howler monkey (D:5)
  3 crimson imps
  A centaur zombie (D:12)
  2 bullfrog zombies (D:8)
  3 hounds
  6 orc priests
  Crazy Yiuf (D:6)
  2 bullfrog skeletons
  3 jellies
  10 orc wizards
  2 iguanas
  15 worker ants
  3 big kobold zombies (Ossuary)
  3 hound skeletons
  2 mummies (Ossuary)
  4 worker ant zombies (D:8)
  A howler monkey zombie (D:5)
  10 adders
  2 shadow imps
  An ooze (D:1)
  7 adder zombies (Ossuary)
  An adder skeleton (D:4)
  3 worms
  4 dart slugs
  4 leopard geckos
  33 orcs
  6 giant cockroaches
  4 gnoll zombies (Ossuary)
  7 hobgoblins
  17 jackals
  9 quokkas
  4 bats
  A frilled lizard (D:2)
  5 goblins
  12 kobolds
  5 kobold zombies (Ossuary)
  4 orc zombies (Ossuary)
  A quokka zombie (D:8)
  2 rats
  2 fungi (D:5)
312 creatures vanquished.

Vanquished Creatures (collateral kills)
  An orc warrior (Orc:1)
  2 ogres
3 creatures vanquished.

Vanquished Creatures (others)
  3 dancing weapons
  Sigmund (D:6)
  An ogre (Orc:1)
  An orc priest (Orc:1)
  An orc wizard (D:8)
  A howler monkey skeleton (D:6)
  An adder (D:6)
  2 orcs
  4 fungi (D:5)
15 creatures vanquished.

Grand Total: 330 creatures vanquished

Notes
Turn   | Place    | Note
-------+----------+-------------------------------------------
     0 | D:1      | Amnesiac the Mummy Enchanter began the quest for the Orb.
     0 | D:1      | Reached XP level 1. HP: 13/13 MP: 3/3
   333 | D:1      | Reached skill level 3 in Hexes
   433 | D:1      | Reached XP level 2. HP: 17/19 MP: 3/5
   568 | D:1      | Found a shattered altar of Ashenzari.
  1324 | D:3      | Reached XP level 3. HP: 11/24 MP: 4/6
  1329 | D:3      | Learned a level 3 spell: Confuse
  1488 | D:3      | Reached skill level 4 in Hexes
  1906 | D:3      | Learned a level 3 spell: Tukima's Dance
  2117 | D:4      | Noticed Blork the orc
  2191 | D:4      | Noticed st0uf's ghost (novice DsGl)
  2192 | D:4      | Killed Blork the orc
  2192 | D:4      | Reached XP level 4. HP: 15/30 MP: 1/7
  2446 | D:4      | Noticed a phantom
  2448 | D:4      | Found Gozag's Platinum Reserve.
  2458 | D:4      | Found an opulent altar of Gozag.
  2474 | D:4      | Became a worshipper of Gozag Ym Sagoz the Greedy
  2671 | D:1      | Reached skill level 5 in Hexes
  2815 | D:2      | Found a burning altar of Makhleb.
  3221 | D:2      | Reached skill level 1 in Short Blades
  3221 | D:2      | Reached XP level 5. HP: 28/35 MP: 8/8
  3687 | D:2      | Reached skill level 1 in Fighting
  4436 | D:4      | Found a staircase to the Ecumenical Temple.
  5001 | D:5      | Entered Level 5 of the Dungeon
  5066 | D:5      | Found Yxamn's Distillery.
  5143 | D:5      | Found an iron altar of Okawaru.
  5143 | D:5      | Found a snail-covered altar of Cheibriados.
  5144 | D:5      | Found a shimmering altar of Xom.
  5273 | D:5      | Found Iwoas's Antique Weapon Boutique.
  5389 | D:5      | Bought a glowing dagger for 60 gold pieces
  5509 | D:5      | Found Vaafob's Magic Scroll Boutique.
  5621 | D:5      | Reached XP level 6. HP: 23/43 MP: 5/9
  5828 | D:5      | Found Avery's Food Boutique.
  5869 | D:5      | Found Erytrean's Antique Armour Shop.
  5901 | D:5      | Bought an embroidered hat for 112 gold pieces
  5912 | D:5      | Bought a pair of gloves for 126 gold pieces
  6284 | D:5      | Bought a runed glaive for 195 gold pieces
  6292 | D:6      | Noticed Pikel
  6292 | D:6      | Noticed a slave
  6292 | D:6      | Noticed a slave
  6292 | D:6      | Noticed a slave
  6292 | D:6      | Noticed a slave
  6364 | D:6      | Noticed Edmund
  6403 | D:6      | Killed Edmund
  6403 | D:6      | Reached skill level 5 in Dodging
  6403 | D:6      | Reached XP level 7. HP: 34/48 MP: 2/10
  6497 | D:6      | Found a runed door.
  6789 | D:6      | Noticed Sigmund
  6826 | D:6      | Killed Pikel
  6826 | D:6      | Reached skill level 7 in Hexes
  6826 | D:6      | Reached XP level 8. HP: 19/54 MP: 0/11
  6838 | D:6      | Killed Sigmund
  7154 | D:6      | Noticed Grinder
  7171 | D:6      | Killed Grinder
  7406 | D:6      | Reached skill level 8 in Hexes
  7808 | D:6      | Noticed Crazy Yiuf
  7812 | D:6      | Killed Crazy Yiuf
  7933 | D:7      | Noticed a cyan ugly thing
  7971 | D:7      | Found a sand-covered staircase.
  7976 | Ossuary  | Entered an ossuary
  8359 | Ossuary  | Reached skill level 9 in Hexes
  8821 | D:7      | Reached XP level 9. HP: 59/59 MP: 10/15
  8877 | D:7      | Learned a level 1 spell: Apportation
  8879 | D:7      | Learned a level 1 spell: Summon Butterflies
  8909 | D:7      | Learned a level 6 spell: Invisibility
  9162 | D:4      | Killed st0uf's ghost
  9276 | D:7      | Killed a cyan ugly thing
  9276 | D:7      | Reached skill level 10 in Hexes
  9790 | D:8      | Got a translucent war axe
  9792 | D:8      | Identified the +12 war axe of Hyasch {chop, Str+5} (You found it on level 8 of the Dungeon)
  9858 | D:8      | Found an ancient bone altar of Kikubaaqudgha.
  9880 | D:8      | Noticed a hand axe
  9880 | D:8      | Noticed a hand axe
  9887 | D:8      | Found a hide-covered altar of Uskayaw.
 10091 | D:8      | Reached skill level 11 in Hexes
 10350 | D:8      | Found a white marble altar of Elyvilon.
 10544 | D:8      | Reached XP level 10. HP: 65/65 MP: 12/16
 11059 | D:9      | Reached skill level 12 in Hexes
 11178 | D:9      | Found Juanloareny's General Store.
 11408 | D:10     | Entered Level 10 of the Dungeon
 11616 | D:10     | Reached skill level 1 in Shields
 11855 | D:10     | Noticed Fannar
 11917 | D:10     | Killed Fannar
 12630 | D:11     | Noticed a gargoyle
 12654 | D:11     | Killed a gargoyle
 12766 | D:11     | Killed an unseen horror
 12901 | D:11     | Found a staircase to the Lair.
 12914 | D:11     | Noticed Erica
 12925 | D:11     | Killed Erica
 12925 | D:11     | Reached skill level 5 in Fighting
 12925 | D:11     | Reached XP level 11. HP: 49/79 MP: 6/17
 13233 | D:11     | Killed an unseen horror
 13627 | D:11     | Identified a scroll of acquirement
 14276 | D:12     | Found a staircase to the Orcish Mines.
 14561 | D:12     | Found Nezxirch's Jewellery Shoppe.
 14680 | D:12     | Noticed a green ugly thing
 14685 | D:12     | Killed a green ugly thing
 14767 | D:12     | Noticed a red ugly thing
 14773 | D:12     | Noticed Josephine
 14779 | D:12     | HP: 2/81 [red ugly thing (21)]
 15423 | D:12     | Killed a red ugly thing
 15674 | D:12     | Learned a level 3 spell: Dazzling Spray
 15748 | D:12     | Killed Josephine
 16087 | Orc:1    | Entered Level 1 of the Orcish Mines
 16087 | Orc:1    | Noticed an orc high priest
 16091 | Orc:1    | Noticed an orc warlord
 16105 | D:12     | Killed an orc high priest
 16550 | D:12     | Killed an orc warlord
 16550 | D:12     | Reached skill level 5 in Spellcasting
 16550 | D:12     | Reached XP level 12. HP: 68/92 MP: 7/20
 17120 | Orc:1    | Noticed an orc warlord
 17141 | Orc:1    | Killed from afar by an orc sorcerer

Vault maps used:
D:1:      sevenhm_arrival_forest_fort_large_2, kennysheep_crisscross,
          nicolae_ashenzari_panopticon
D:2:      nicolae_overflow_crystal_walls, kennysheep_generic_room_10
D:3:      first_bread
D:4:      nicolae_gozag_zags_fifth_avenue, uniq_blork_the_orc
D:5:      gammafunk_temple_overflow_claw, serial_shops, kennysheep_mini_moat,
          shop, nicolae_shop_crystal, shop, shop, minmay_door_square,
          minmay_gold_behind_fungi
D:6:      serial_bayou_lagoon_b, uniq_pikel, uniq_grinder, uniq_edmund,
          uniq_crazy_yiuf_cottage, uniq_sigmund
D:7:      enter_ossuary_5
D:8:      kiku_gazebo_garden_becter, marbit_many_paths, dancing_weapons_uskayaw,
          serial_undead, serial_undead_e, serial_undead_e, serial_undead_b,
          serial_undead_a
D:9:      serial_shops, nicolae_shop_competitors_out_of_business
D:10:     uniq_fannar
D:11:     lair_0_dummy, uniq_erica
D:12:     orc_0_dummy, serial_shops, shop, uniq_josephine
Orc:1:    serial_shops, nicolae_shop_crystal, nicolae_orc_lost_temple
Ossuary:  ossuary_tomb_2

Skill      XL: |  1  2  3  4  5  6  7  8  9 10 11 12 |
---------------+-------------------------------------+-----
Hexes          | 3 4 5 7 9 11 12 | 12.0
Short Blades   | 1 |  1.0
Fighting       | 1 5 8 |  8.0
Dodging        | 3 5 8 |  8.9
Spellcasting   | 4 5 6 |  6.0
Shields        | 4 |  4.8
Stealth        | |  2.4

Action                   |  1- 3 |  4- 6 |  7- 9 | 10-12 || total
-------------------------+-------+-------+-------+-------++-------
Melee: Dagger            |   124 |   253 |       |       ||   377
       Long sword        |    24 |     5 |       |       ||    29
       Glaive            |       |    10 |   340 |       ||   350
       War axe           |       |       |    64 |   319 ||   383
 Cast: Corona            |    30 |       |       |       ||    30
       Tukima's Dance    |     3 |       |     3 |     7 ||    13
       Confuse           |     1 |    17 |    63 |    63 ||   144
       Invisibility      |       |       |       |     4 ||     4
       Summon Butterflie |       |       |       |     2 ||     2
Invok: Potion Petition   |       |       |       |     1 ||     1
Evoke: Wand              |       |     4 |       |       ||     4
  Use: Scroll            |     4 |     2 |     2 |    16 ||    24
 Stab: Sleeping          |     6 |     5 |     6 |     2 ||    19
       Distracted        |       |     1 |     3 |     2 ||     6
       Confused          |       |     5 |    17 |    16 ||    38
       Invisible         |       |       |       |    18 ||    18
Armor: Robe              |    39 |    46 |    84 |    56 ||   225
Dodge: Dodged            |    98 |   133 |   290 |   312 ||   833
Block: Buckler           |       |       |       |    66 ||    66
